 Dungeon Crawl Stone Soup version 0.29.1-12-g30fa7ad0bf (webtiles) character file.

Game seed: 5631031623989441169

132 hawla the Firebug (level 5, 0/39 HPs)
             Began as a Meteoran Fire Elementalist on Jan 14, 2023.
             Succumbed to Ijyb's poison
             ... on level 4 of the Dungeon.
             The game lasted 00:03:25 (431 turns).

hawla the Firebug (Meteoran Fire Elementalist)       Turns: 431, Time: 00:03:25

Health: 0/39       AC:  3    Str:  9    XL:     5   Next: 66%
Magic:  8/12       EV: 13    Int: 18    God:
Gold:   94         SH:  0    Dex: 15    Spells: 5/12 levels left

rFire   . . .      SeeInvis .   (no weapon)
rCold   . . .      Faith    .   (no shield)
rNeg    . . .      Spirit   .   a - +0 robe
rPois   .          Reflect  .   (no helmet)
rElec   .          Harm     .   c - +0 cloak
rCorr   .          Rampage  .   (no gloves)
Will    .....                   (no boots)
Stlth   +.........              (no amulet)
HPRegen 0.13/turn               (no ring)
MPRegen 0.13/turn               (no ring)

@: brilliant, lethally poisoned (0 -> -8), about to teleport, very slightly
contaminated, glowing
A: sense surroundings 1, otherworldly, glowing, explore regen
a: no special abilities


You were on level 4 of the Dungeon.
You visited 1 branch of the dungeon, and saw 4 of its levels.

You collected 94 gold pieces.

Inventory:

Armour
 a - a +0 robe (worn)
 c - a +0 cloak (worn)
Potions
 g - a potion of degeneration


   Skills:
 - Level 0.3 Fighting
 - Level 3.0 Dodging
 - Level 1.4 Stealth
 - Level 4.0 Spellcasting
 + Level 2.4 Conjurations
 - Level 5.3 Fire Magic


You had 5 spell levels left.
You knew the following spells:

 Your Spells              Type           Power      Damage    Failure   Level
a - Foxfire               Conj/Fire      100%       2x1d9     3%          1
b - Scorch                Fire           68%        2d8       2%          2
c - Flame Wave            Conj/Fire      26%        2d8       30%         4

Your spell library contained the following spells:

 Spells                   Type           Power      Damage    Failure   Level
 Conjure Flame            Conj/Fire      26%        6-21      9%          3
 Inner Flame              Hex/Fire       19%        N/A       14%         3


Dungeon Overview and Level Annotations

Branches:
Dungeon (4/15) Zot: 1969
 Temple: D:4-7

Altars:
Hepliaklqana
Ru

Annotations:
D:4 Ijyb


Innate Abilities, Weirdness & Mutations

You passively map a small area around you.
You are easily found by Zot.
You glow in the dark.
You regain HP and MP as you explore.


Message History

A wave of flame ripples out!
The flame wave engulfs the goblin.
You kill the goblin!
You finish channelling waves of flame.
Unknown command.
A gnoll comes into view. It is wielding a +0 spear.
You see here a +0 club.
Casting: Flame Wave (extremely dangerous; 30% risk of failure)
Confirm with . or Enter, or press ? or * to list all spells.
The spell is extremely dangerous to miscast (30% risk of failure)!
Continue anyway?
Casting: Flame Wave (extremely dangerous; 30% risk of failure)
Press: ? - help, Dir - look around, f - activate You miscast Flame Wave.
You are very lightly contaminated with residual magic.
Energy rips through your body! The goblin misses you.
Ijyb completely misses you.
Unknown command.
Magic courses through your body. The goblin barely misses you.
Ijyb closely misses you.
Casting: Flame Wave (extremely dangerous; 30% risk of failure)
Confirm with . or Enter, or press ? or * to list all spells.
The spell is extremely dangerous to miscast (30% risk of failure)!
Continue anyway?
Casting: Flame Wave (extremely dangerous; 30% risk of failure)
Press: ? - help, Dir - look around, f - activate You miscast Flame Wave.
You feel a strange surge of energy!
* * * LOW HITPOINT WARNING * * *
The goblin barely misses you.
A quokka comes into view.
Ijyb hits you with a +1 dagger of venom.
* * * LOW HITPOINT WARNING * * *
You are lethally poisoned!
It was a potion of brilliance.
You feel clever all of a sudden.
* * * LOW HITPOINT WARNING * * *
You feel very sick. The goblin misses you. Ijyb hits you but does no damage.
Unknown command.
Okay, then.
As you read the scroll labelled CUQAAFENECI, it crumbles to dust.
You feel strangely unstable.
It was a scroll of teleportation.
You die...

................# ##.......####.
...........###..######..#....#...
..........## #....#.##..####.....
.........#####..#.†......# #.....
.........###...##.[.......###....
..(.......##...############ #....
.................8.8.8.8 ......#
#.........).....)......., ......
..###.....##....@g)..... ......
####...##.#.....)g...... ..... ##
#.................... .##..,* .#
##...#.##....g......., , #. ##
,.....###.....8.8.8.8 * *, ......
... #.....####### ...... #r###.#
* ...... $. #.. , * ...... * ,


You could see Ijyb, a gnoll, a quokka and a goblin.

Vanquished Creatures
  An ogre (D:4)
  An adder (D:2)
  A worm (D:4)
  6 ball pythons
  3 endoplasms
  A giant cockroach (D:2)
  6 goblins
  2 hobgoblins
  6 jackals
  A kobold (D:1)
  A quokka (D:1)
  A frilled lizard (D:1)
30 creatures vanquished.

Vanquished Creatures (others)
  58 foxfires
58 creatures vanquished.

Grand Total: 88 creatures vanquished

Notes
Turn   | Place    | Note
-------+----------+-------------------------------------------
     0 | D:1      | hawla the Meteoran Fire Elementalist began the quest for
                  | the Orb.
     0 | D:1      | Reached XP level 1. HP: 14/14 MP: 5/5
    64 | D:1      | Reached skill level 4 in Fire Magic
    64 | D:1      | Reached XP level 2. HP: 17/20 MP: 0/6
   159 | D:1      | Reached XP level 3. HP: 26/26 MP: 4/8
   162 | D:1      | Learned a level 2 spell: Scorch
   224 | D:4      | Found a hazy altar of Hepliaklqana.
   317 | D:4      | Found a sacrificial altar of Ru.
   341 | D:4      | Noticed an ogre
   346 | D:4      | Killed an ogre
   347 | D:4      | Reached skill level 5 in Fire Magic
   347 | D:4      | Reached XP level 4. HP: 34/34 MP: 2/11
   347 | D:4      | Reached XP level 5. HP: 39/39 MP: 2/12
   352 | D:4      | Learned a level 4 spell: Flame Wave
   421 | D:4      | Noticed Ijyb
   430 | D:4      | HP: 1/39 [poisoned by Ijyb]
   431 | D:4      | Succumbed to Ijyb's poison

Illustrated notes

Levels and vault maps discovered:
D:1:      matt_arrival_spirals, layout_basic, amcnicky_mini_corridor_feature
D:2:      layout_basic, minmay_vboxes
D:3:      layout_rooms, mainiacjoe_overflow_alcove_2,
          gammafunk_temple_overflow_statue, ebering_ecumenical_altar_petrified,
          minmay_pentomino_pile
D:4:      kennysheep_the_goblin_king, layout_cave_pools,
          nicolae_ru_sacrificial_ziggurat, mainiacjoe_overflow_boulevard

Skill      XL: |  1  2  3 |
---------------+----------+-----
Fire Magic     | 4 5 |  5.3
Spellcasting   | 3 4 |  4.0
Dodging        | 3 |  3.0
Conjurations   | 2 |  2.4
Fighting       | |  0.3
Stealth        | |  1.4

Action                   |  1- 3 |  4- 6 || total
-------------------------+-------+-------++-------
Melee: Unarmed           |     8 |     1 ||     9
 Cast: Foxfire           |    26 |     6 ||    32
       Scorch            |     4 |       ||     4
       Flame Wave        |       |     1 ||     1
  Use: Scroll            |     3 |     1 ||     4
       Potion            |       |     2 ||     2
Armor: Robe              |     4 |     1 ||     5
Dodge: Dodged            |    12 |     7 ||    19
